 Dungeon Crawl Stone Soup version 0.25.1-2-g60ff931df9 (webtiles) character file.

Game seed: 6284421597082941677

156 MisterFreud the Chiller (level 5, -10/35 HPs)
             Began as a Demonspawn Ice Elementalist on Aug 18, 2020.
             Was a Follower of Lugonu.
             Mangled by a rakshasa
             ... wielding a +1 long sword of distortion
              (16 damage)
             ... while paralysed by a wizard
             ... on level 1 of the Abyss on Aug 19, 2020.
             The game lasted 00:04:52 (2695 turns).

MisterFreud the Chiller (DsIE)                      Turns: 2695, Time: 00:04:53

Health: -10/35     AC:  2    Str:  8    XL:     5   Next: 14%
Magic:  8/8        EV:  2    Int: 17    God:    Lugonu [*.....]
Gold:   91         SH:  0    Dex: 14    Spells: 4/8 levels left

rFire    x . .     SeeInvis .   j - +1 dagger (venom)
rCold    + + .     Gourm    .   (no shield)
rNeg     . . .     Faith    .   a - +0 robe
rPois    .         Spirit   .   (no helmet)
rElec    .         Reflect  .   (no cloak)
rCorr    .         Harm     .   (no gloves)
MR       .....                  (no boots)
Stlth    ++........             h - amulet of regeneration
HPRegen  0.51/turn              b - ring of protection from cold
MPRegen  0.11/turn              t - ring of ice

@: paralysed, lethally poisoned (-10 -> -11)
A: claws 2, spiny 1
a: Depart the Abyss, Renounce Religion


You were on level 1 of the Abyss.
You worshipped Lugonu.
Lugonu was aware of your devotion.
You were not hungry.

You visited 1 branch of the dungeon, and saw 3 of its levels.
You visited the Abyss 1 time.

You collected 91 gold pieces.

Inventory:

Hand Weapons
 j - a +1 dagger of venom (weapon)
Missiles
 q - 2 boomerangs (quivered)
Armour
 a - a +0 robe (worn)
Jewellery
 b - a ring of protection from cold (left claw)
 f - an uncursed amulet of reflection {unknown}
 h - an amulet of regeneration (around neck)
 p - an uncursed ring of protection from cold
 t - a ring of ice (right claw)
Wands
 v - a wand of random effects (27)
Scrolls
 d - a scroll of amnesia {unknown}
 g - a scroll of remove curse
 i - 2 scrolls of enchant armour {unknown}
 k - a scroll of enchant weapon {unknown}
 l - 3 scrolls of teleportation {unknown}
 u - a scroll of identify {unknown}
 x - a scroll of blinking {unknown}
Potions
 e - a potion of lignification {unknown}
 m - a potion of berserk rage {unknown}
 n - a potion of haste
 o - a potion of stabbing {unknown}
 s - a potion of curing {unknown}
Miscellaneous
 w - a lightning rod (4/4)
Comestibles
 c - 9 rations
 r - 2 chunks of flesh


   Skills:
 - Level 1.7 Dodging
 - Level 1.7 Stealth
 - Level 2.0 Spellcasting
 + Level 5.9 Ice Magic


You had 4 spell levels left.
You knew the following spells:

 Your Spells              Type           Power        Failure   Level  Hunger
a - Freeze                Ice            ####         1%          1    #......
b - Frozen Ramparts       Ice            ####..       4%          3    ###....

Your spell library contained the following spells:

 Spells                   Type           Power        Failure   Level  Hunger
 Ozocubu's Armour         Chrm/Ice       ###.....     17%         3    ###....
 Hailstorm                Conj/Ice       ###.....     50%         4    #####..
 Summon Ice Beast         Ice/Summ       ###.....     50%         4    #####..


Dungeon Overview and Level Annotations

Branches:
Dungeon (3/15)

Altars:
Okawaru
Sif Muna
Xom


Innate Abilities, Weirdness & Mutations

You have very sharp fingernails.
You are partially covered in sharp spines.


Message History

Found a corrupted altar of Lugonu.
x - a scroll labeled LAAGEO NYOCUTI A wizard comes into view.
It is wielding a +2 dagger of venom.
There is a corrupted altar of Lugonu here.
You kneel at the altar of Lugonu.
Lugonu welcomes you!
You can now depart the Abyss.
The wizard gestures at you while chanting.
You suddenly lose the ability to move!
The rakshasa hits you with a +1 long sword of distortion.
Space bends around you.
The rakshasa hits you with a +1 long sword of distortion!!
Ouch! That really hurt!
* * * LOW HITPOINT WARNING * * *
You wobble for a moment.
The wizard hits you but does no damage.
You are poisoned.
You feel sick. The rakshasa is struck by your spines.
The rakshasa hits you with a +1 long sword of distortion!
You die...

. # .##.. . .
### # ... ##.# #
.# # .###. .#
..## . #....#.
## ... #. #
.###...###.#
##ยง# ##.#.
###@p# .....
#..####.R.# #..#
# .##.#.#### #
##
....#.#.##..##.#
#. .#
#.......#.. #.##
###..#.#.# ..
##.##. .#.#
.###.#.# # .. .#
#.# .


You could see a rakshasa and a wizard.

Vanquished Creatures
  Natasha (twice) (D:2)
  3 adders
  A dart slug (D:1)
  3 leopard geckos
  10 orcs
  A ball python (D:2)
  8 giant cockroaches
  5 goblins
  5 hobgoblins
  2 jackals (D:2)
  5 bats
  4 frilled lizards
  8 kobolds
  9 rats
66 creatures vanquished.

Vanquished Creatures (others)
  2 bushes (D:3)
  A plant (D:3)
3 creatures vanquished.

Grand Total: 69 creatures vanquished

Notes
Turn   | Place    | Note
-------+----------+-------------------------------------------
     0 | D:1      | MisterFreud the Demonspawn Ice Elementalist began the quest
                  | for the Orb.
     0 | D:1      | Reached XP level 1. HP: 13/13 MP: 3/3
   491 | D:1      | Reached skill level 4 in Ice Magic
   528 | D:1      | Gained mutation: You have sharp fingernails. [demonic
                  | ancestry]
   528 | D:1      | Reached XP level 2. HP: 17/19 MP: 1/5
  1053 | D:1      | Reached XP level 3. HP: 24/24 MP: 6/6
  1058 | D:1      | Learned a level 3 spell: Frozen Ramparts
  1248 | D:2      | Found an iron altar of Okawaru.
  1747 | D:2      | Reached skill level 5 in Ice Magic
  1811 | D:2      | Noticed Natasha
  1821 | D:2      | Killed Natasha
  1821 | D:2      | Gained mutation: You have very sharp fingernails. [demonic
                  | ancestry]
  1821 | D:2      | Reached XP level 4. HP: 30/30 MP: 3/7
  1961 | D:2      | Noticed Natasha
  1969 | D:2      | Killed Natasha
  2218 | D:3      | Found a shimmering blue altar of Sif Muna.
  2421 | D:3      | Found a shimmering altar of Xom.
  2507 | D:3      | Gained mutation: You are partially covered in sharp spines.
                  | [demonic ancestry]
  2507 | D:3      | Reached XP level 5. HP: 35/35 MP: 4/8
  2635 | D:3      | Cast into level 1 of the Abyss (orc)
  2635 | Abyss:1  | Found a corrupted altar of Lugonu.
  2672 | Abyss:1  | Noticed a rakshasa
  2677 | Abyss:1  | Found a corrupted altar of Lugonu.
  2687 | Abyss:1  | Noticed a wizard
  2691 | Abyss:1  | Became a worshipper of Lugonu the Unformed
  2691 | Abyss:1  | Reached * piety under Lugonu
  2691 | Abyss:1  | Paralysed by a wizard for 5 turns
  2695 | Abyss:1  | Mangled by a rakshasa

Illustrated notes

Levels and vault maps discovered:
D:1:      dpeg_arrival_pond, layout_basic
D:2:      layout_basic, first_ration, okawaru_ov_weapons_minmay, uniq_natasha
D:3:      layout_basic, lemuel_doored_altar, lemuel_crystal_altar,
          serial_forest, infiniplex_forest_straight_2,
          infiniplex_forest_clump_long, infiniplex_forest_clump_long,
          infiniplex_forest_lined_2, infiniplex_forest_lined_2,
          infiniplex_forest_clump_long, infiniplex_forest_clump_cross
Abyss:1:  base: D:2, evilmike_abyss_exit_15

Skill      XL: |  1  2  3 |
---------------+----------+-----
Ice Magic      | 4 5 |  5.9
Dodging        | |  1.7
Stealth        | |  1.7
Spellcasting   | |  2.0

Action                   |  1- 3 |  4- 6 || total
-------------------------+-------+-------++-------
Melee: Dagger            |    52 |    18 ||    70
       Unarmed           |     1 |       ||     1
 Cast: Freeze            |    38 |     2 ||    40
       Frozen Ramparts   |     1 |     6 ||     7
  Use: Scroll            |     1 |       ||     1
 Stab: Sleeping          |     6 |     1 ||     7
  Eat: Chunk             |     3 |     4 ||     7
Armor: Robe              |    11 |     6 ||    17
Dodge: Dodged            |    60 |    22 ||    82
